Map: [TLMC15] Berlingrad

Players

HeroMarine

  • Race: Terran Terran

Maru - Winner!

  • Race: Terran Terran

Event: DreamHack SC2 Masters Last Chance 2022

VOD

Have the link to the VOD?

Description

Time

  • Played on: Jan. 12, 2022, 11:19 a.m.
  • Length: 18:56

All games in this series

Show
View Real Time Build Order
Export as new Build Order

HeroMarine Terran 

Build Orders:  

Get SALT Encoding   

  12  0:00  SCV  
  13  0:12  SCV  
  14  0:17  Supply Depot  
  14  0:24  SCV  
  15  0:38  SCV  
  15  0:39  Barracks  
  16  0:43  Refinery  
  16  0:51  SCV  
  16  0:53  Refinery  
  17  1:03  SCV  
  18  1:15  SCV  
  19  1:27  Reaper, Orbital Command  
  19  1:31  Supply Depot  
  20  1:44  Factory  
  20  1:53  SCV  
  21  1:59  Barracks Reactor  
  21  2:05  SCV  
  22  2:17  SCV  
  22  2:18  Command Center  
  23  2:27  Hellion  
  23  2:29  SCV  
  26  2:35  Reaper x2  
  26  2:36  Supply Depot  
  28  2:41  SCV  
  29  2:48  Widow Mine  
  31  2:57  Starport  
  31  2:58  SCV  
  32  3:07  Marine x2  
  32  3:10  SCV, Factory Tech Lab  
  35  3:18  Refinery  
  35  3:22  SCV  
  35  3:25  Marine x2  
  38  3:30  Cyclone  
  41  3:34  SCV  
  41  3:35  Starport Tech Lab  
  41  3:38  Orbital Command  
  42  3:43  Marine  
  42  3:45  Marine  
  42  3:46  SCV  
  45  3:58  SCV  
  45  4:02  Siege Tank  
  49  4:06  Supply Depot, SCV  
  49  4:08  Raven  
  52  4:11  SCV  
  52  4:15  Supply Depot  
  52  4:16  Marine  
  54  4:28  Marine, SCV x2  
  54  4:29  Supply Depot  
  57  4:34  Marine, Siege Tank  
  61  4:40  SCV x2  
  62  4:52  SCV x2  
  61  5:04  SCV x2  
  61  5:06  Viking, Siege Tank  
  68  5:08  Viking  
  68  5:12  Supply Depot  
  68  5:13  Marine  
  71  5:16  SCV  
  72  5:23  SCV  
  73  5:29  SCV  
  73  5:31  Marine  
  73  5:35  SCV  
  76  5:36  Viking  
  76  5:38  Siege Tank  
  76  5:41  Viking  
  83  5:43  SCV  
  83  5:47  SCV  
  85  5:56  Command Center, SCV, Supply Depot  
  86  6:15  Marine, Viking x2, SCV x2  
  93  6:18  Stimpack  
  93  6:19  Refinery  
  93  6:22  Barracks  
  93  6:24  Barracks  
  91  6:28  SCV  
  91  6:31  SCV  
  93  6:33  Siege Tank  
  93  6:34  Marine  
  96  6:40  SCV  
  96  6:43  SCV  
  88  6:52  SCV, Liberator  
  83  6:55  SCV  
  84  7:04  SCV  
  84  7:07  SCV  
  86  7:09  Orbital Command  
  86  7:14  Barracks Reactor  
  86  7:15  Marine, Barracks Reactor  
  86  7:16  SCV  
  86  7:19  SCV  
  89  7:28  SCV  
  90  7:31  SCV  
  90  7:32  Viking  
  90  7:33  Marine  
  94  7:38  SCV  
  94  7:40  SCV  
  94  7:44  SCV  
  97  7:50  SCV  
  98  7:51  Marine  
  98  7:52  SCV  
  98  7:53  Marine  
  98  7:56  SCV, Viking  
  102  8:02  SCV  
  102  8:04  SCV  
  102  8:10  Viking  
  102  8:11  Siege Tank  
  105  8:15  Marine x2  
  105  8:18  Marine x2  
  108  8:21  Engineering Bay  
  108  8:23  Engineering Bay  
  108  8:24  Marine  
  109  8:28  Viking  
  109  8:32  Marine  
  109  8:33  Marine  
  110  8:36  Marine x2  
  110  8:40  Viking  
  114  8:45  Marine  
  115  8:49  Combat Shield  
  115  8:50  Marine x2  
  115  8:51  Terran Infantry Armor Level 1, Terran Infantry Weapons Level 1  
  115  8:54  Marine, SCV x2  
  117  8:59  SCV  
  112  9:03  Marine  
  112  9:06  SCV x2  
  112  9:08  Marine x2  
  116  9:14  Marine x2, Orbital Command  
  113  9:18  SCV x2  
  113  9:19  Medivac  
  116  9:25  Medivac  
  116  9:30  SCV x2  
  103  9:40  Marine x2  
  103  9:42  SCV x2  
  103  9:45  Marine, Siege Tank  
  95  9:46  Marine  
  95  9:47  Marine  
  95  9:49  Medivac  
  100  9:53  SCV  
  100  9:54  Barracks, SCV  
  100  9:55  Barracks, Medivac, SCV  
  100  9:58  Marine x2  
  107  10:03  Marine  
  107  10:05  SCV  
  107  10:06  SCV  
  107  10:07  SCV, Armory  
  110  10:10  Refinery  
  110  10:11  Marine  
  110  10:12  Marine  
  110  10:13  Refinery  
  113  10:17  SCV  
  113  10:18  Marine  
  113  10:19  Marine  
  113  10:20  Sensor Tower  
  116  10:21  Marine  
  116  10:24  SCV x2  
  119  10:28  Siege Tank  
  119  10:29  Marine, SCV  
  124  10:36  SCV  
  124  10:37  Supply Depot x2  
  124  10:38  Starport Reactor  
  124  10:41  Supply Depot  
  125  10:44  Barracks Reactor x2  
  125  10:46  Factory  
  125  10:53  Terran Infantry Weapons Level 2  
  125  10:58  Marine x6, SCV x2  
  125  10:59  Supply Depot, SCV  
  125  11:00  Siege Tank  
  135  11:15  Command Center  
  135  11:16  Terran Infantry Armor Level 2, Marine x6  
  141  11:18  Terran Vehicle Weapons Level 1  
  141  11:24  Marine x3  
  141  11:25  Marine  
  141  11:28  Medivac x2  
  146  11:34  Marine x4, Siege Tank  
  146  11:38  Marine x2  
  155  11:41  Siege Tank  
  155  11:42  Marine  
  155  11:46  Marine  
  155  11:47  Marine  
  160  11:53  Marine  
  160  11:54  Supply Depot x2, Marine x3  
  165  11:55  Marine  
  166  12:05  Viking x2  
  170  12:08  Starport  
  170  12:20  Siege Tank  
  170  12:22  Siege Tank  
  176  12:25  SCV x2  
  176  12:26  SCV  
  176  12:29  Starport  
  179  12:35  Viking x2  
  179  12:37  SCV x2  
  184  12:39  SCV  
  186  12:47  Refinery  
  186  12:49  Starport Tech Lab  
  186  12:50  Refinery, SCV x2  
  186  12:51  SCV  
  189  12:53  Marine  
  189  12:54  Marine x3  
  189  12:56  Sensor Tower, Marine x2  
  189  12:58  Marine x2  
  197  13:04  Medivac  
  199  13:09  Planetary Fortress  
  199  13:12  Corvid Reactor  
  199  13:13  Marine  
  199  13:18  Terran Infantry Weapons Level 3  
  200  13:20  Starport Tech Lab  
  200  13:31  Siege Tank  
  200  13:32  Terran Vehicle Weapons Level 2  
  200  13:33  Marine x2  
  175  13:36  Marine x2  
  175  13:37  Marine  
  175  13:40  Siege Tank  
  168  13:41  Marine x2  
  168  13:42  Marine x2  
  168  13:43  Marine  
  173  13:51  Marine x2  
  173  13:54  Marine x2  
  173  13:55  Marine  
  175  14:01  Marine x2  
  175  14:02  Marine x3  
  161  14:03  Siege Tank  
  161  14:09  Marine x2  
  166  14:10  Raven x2  
  166  14:14  Command Center  
  166  14:16  Marine x2  
  161  14:18  Marine  
  161  14:19  Marine x3  
  161  14:20  Marine x2  
  162  14:26  Marine, Siege Tank  
  162  14:27  Marine  
  164  14:35  Siege Tank  
  164  14:36  Marine x2  
  168  14:47  Barracks x2  
  168  14:53  Raven  
  168  14:54  Viking x2  
  174  15:03  Orbital Command  
  177  15:07  Raven, Siege Tank x2  
  177  15:09  Refinery  
  177  15:10  Refinery  
  177  15:12  Terran Infantry Armor Level 3  
  180  15:24  Marine x2  
  180  15:25  Marine x2  
  183  15:32  Command Center, Viking  
  185  15:42  Viking, Siege Tank  
  187  15:53  Terran Vehicle Weapons Level 3  
  187  15:54  Marine x2  
  187  15:55  Hi-Sec Auto Tracking  
  188  16:10  Viking x2  
  192  16:11  Raven  
  192  16:13  Barracks Reactor  
  192  16:14  Barracks Reactor  
  194  16:23  Orbital Command  
  194  16:24  Marine  
  194  16:25  Marine  
  196  16:27  Marine x2  
  198  16:33  Marine x2  
  199  16:42  Command Center  
  199  16:52  Neosteel Armor  
  187  17:02  Viking x2, Raven x2  
  195  17:11  Marine x4  
  195  17:12  Marine  
  195  17:15  Marine x2  
  163  17:17  Marine x3  
  163  17:18  Marine x4  
  163  17:20  Siege Tank x2  
  172  17:29  Marine x5  
  176  17:33  Marine x2  
  176  17:35  Marine x4  
  176  17:36  Marine x3  
  190  17:39  Viking  
  190  17:40  Viking  
  190  17:46  Marine  
  190  17:47  Marine x4  
  190  17:51  Marine x2  
  181  17:52  Marine, Siege Tank x2  
  181  17:53  Marine x4  
  181  17:54  Marine x2  
  189  17:59  Orbital Command  
  189  18:04  Marine x2  
  189  18:05  Marine  
  180  18:06  Marine x2, Orbital Command  
  180  18:08  Marine  
  180  18:09  Marine  
  180  18:10  Marine  
  180  18:12  Marine x2  
  185  18:16  Marine x2  
  173  18:22  Marine  
  173  18:24  Siege Tank x2  
Show
View Real Time Build Order
Export as new Build Order

Maru Terran - Winner!

Build Orders:  

Get SALT Encoding   

  12  0:00  SCV  
  13  0:12  SCV  
  14  0:17  Supply Depot  
  14  0:24  SCV  
  15  0:38  SCV  
  15  0:40  Barracks  
  16  0:42  Refinery  
  16  0:50  SCV  
  16  0:52  Refinery  
  17  1:02  SCV  
  18  1:14  SCV  
  19  1:27  Reaper, Orbital Command  
  19  1:31  Supply Depot  
  20  1:42  Factory  
  20  1:53  SCV  
  21  1:59  Reaper  
  22  2:05  SCV  
  23  2:17  SCV  
  23  2:22  Command Center  
  24  2:26  Hellion  
  24  2:29  SCV  
  27  2:34  Supply Depot  
  27  2:35  Barracks Reactor  
  27  2:41  SCV  
  28  2:47  Widow Mine  
  30  2:51  Starport  
  30  2:55  SCV  
  31  3:08  SCV, Factory Tech Lab  
  31  3:12  Marine x2  
  34  3:20  SCV  
  35  3:29  Refinery  
  35  3:30  Marine  
  35  3:31  Marine  
  35  3:32  Medivac  
  35  3:34  Cyclone  
  42  3:38  Orbital Command  
  42  3:40  SCV  
  43  3:50  Marine x2  
  43  3:52  SCV  
  43  3:54  Supply Depot  
  46  4:03  Starport Tech Lab  
  46  4:04  SCV x2  
  46  4:08  Siege Tank  
  51  4:10  Marine x2  
  51  4:16  SCV x2  
  54  4:22  Raven  
  56  4:25  Supply Depot  
  56  4:28  SCV  
  56  4:29  Marine, SCV  
  59  4:40  Siege Tank  
  60  4:45  SCV x2  
  58  4:55  Supply Depot  
  58  4:57  SCV x2  
  58  4:59  Command Center  
  60  5:05  Raven  
  62  5:10  Marine x2, SCV  
  62  5:12  Refinery  
  68  5:14  Siege Tank  
  68  5:16  SCV  
  68  5:17  Supply Depot  
  68  5:22  SCV  
  68  5:28  Marine x2  
  70  5:34  SCV  
  70  5:35  SCV  
  72  5:46  SCV, Siege Tank  
  76  5:51  SCV  
  76  5:53  Barracks  
  76  5:54  Barracks  
  76  5:57  Engineering Bay x2  
  77  5:58  SCV  
  78  6:05  Viking  
  78  6:06  Viking  
  78  6:07  Marine, Stimpack  
  78  6:09  SCV  
  78  6:10  SCV  
  85  6:24  SCV, Terran Infantry Weapons Level 1  
  85  6:25  Terran Infantry Armor Level 1, Orbital Command  
  85  6:28  Siege Tank  
  88  6:35  Viking  
  88  6:37  Viking  
  92  6:43  SCV x2  
  92  6:46  Barracks Reactor x2  
  88  6:55  SCV  
  88  6:56  SCV  
  88  6:58  Marine  
  88  7:00  SCV  
  88  7:01  Siege Tank  
  90  7:07  SCV  
  91  7:16  Barracks x2, Marine  
  91  7:17  Viking  
  91  7:18  Supply Depot  
  91  7:20  Viking  
  96  7:27  Marine x2  
  96  7:28  Marine x2  
  100  7:34  Marine  
  101  7:39  Siege Tank  
  101  7:41  Supply Depot  
  103  7:45  Marine  
  103  7:50  Marine x2  
  100  7:52  Marine x2  
  100  7:54  Viking x2  
  100  7:55  SCV  
  98  7:58  Combat Shield  
  98  8:01  SCV  
  98  8:03  Marine  
  98  8:05  Marine  
  98  8:08  Marine, SCV x2  
  98  8:10  Marine  
  94  8:13  Marine  
  94  8:14  Marine  
  94  8:15  SCV  
  97  8:20  SCV  
  97  8:21  Marine  
  97  8:23  Marine  
  97  8:26  Marine  
  101  8:27  Marine  
  101  8:31  Marine  
  101  8:32  Marine  
  94  8:34  Marine  
  94  8:39  Marine, Viking x2  
  94  8:41  Marine  
  100  8:44  Marine  
  100  8:45  Marine  
  103  8:48  Marine  
  104  9:01  Marine  
  101  9:04  Supply Depot  
  101  9:13  Marine  
  101  9:18  Supply Depot  
  101  9:19  Supply Depot  
  101  9:21  Armory  
  101  9:24  Orbital Command  
  101  9:25  Medivac x2, Marine x2  
  101  9:29  Marine x2  
  109  9:33  Marine  
  109  9:34  Siege Tank  
  109  9:35  Marine  
  96  9:41  Marine  
  96  9:43  Marine x2  
  96  9:45  SCV  
  87  9:46  Marine  
  87  9:47  Marine  
  87  9:51  Marine  
  87  9:52  SCV x2  
  92  9:53  Marine  
  93  10:05  Barracks Reactor x2  
  93  10:06  SCV x3, Siege Tank  
  99  10:11  Terran Infantry Weapons Level 2  
  99  10:17  Marine x4  
  102  10:25  Terran Infantry Armor Level 2  
  102  10:29  Refinery x2  
  102  10:36  Sensor Tower  
  102  10:38  Siege Tank  
  102  10:40  Marine x4  
  102  10:41  Marine x2  
  111  10:45  SCV x3  
  111  10:48  Terran Vehicle Weapons Level 1  
  114  10:50  Supply Depot x2  
  114  10:58  Viking x2  
  118  11:06  Marine x3  
  118  11:09  Supply Depot  
  121  11:17  Command Center, Siege Tank  
  123  11:24  Factory  
  121  11:28  Barracks Reactor  
  121  11:29  Marine  
  121  11:30  Marine x3  
  123  11:42  Marine x4  
  127  11:50  Siege Tank  
  127  11:52  Command Center  
  130  11:54  Supply Depot, Marine  
  130  11:55  Sensor Tower, Marine x3  
  130  11:57  Viking x2  
  130  12:00  Marine  
  139  12:02  Marine x2  
  139  12:08  Supply Depot x2  
  139  12:21  Siege Tank  
  139  12:22  Siege Tank  
  145  12:24  Supply Depot  
  145  12:26  Marine x4  
  145  12:29  Medivac x2  
  153  12:42  Terran Infantry Weapons Level 3  
  153  12:43  Supply Depot, Terran Infantry Armor Level 3  
  153  12:56  Siege Tank x2  
  159  13:08  Marine, Terran Vehicle Weapons Level 2  
  159  13:09  Marine x6  
  166  13:16  SCV x3  
  167  13:26  Refinery  
  159  13:27  Marine x2  
  159  13:29  SCV  
  159  13:33  Marine x2  
  159  13:34  Marine  
  130  13:36  Marine x3  
  130  13:37  SCV  
  120  13:42  Refinery  
  120  13:47  Planetary Fortress  
  120  13:49  Marine x3  
  123  13:57  Marine x2  
  123  13:59  Marine x2, SCV x2  
  124  14:05  Siege Tank x2  
  121  14:23  Marine x7  
  123  14:27  SCV  
  123  14:31  Viking  
  126  14:33  SCV  
  126  14:37  Siege Tank x2  
  133  14:41  Marine x2  
  133  14:42  Marine  
  133  14:43  Marine x2  
  138  14:52  Starport  
  138  14:53  Starport  
  138  14:54  Marine  
  139  15:04  Viking x2  
  139  15:06  SCV  
  144  15:09  Siege Tank  
  144  15:10  Marine x3  
  144  15:11  Marine  
  151  15:18  Sensor Tower  
  150  15:27  Terran Vehicle And Ship Armor Level 1  
  147  15:30  Starport Tech Lab x2  
  147  15:34  Viking x2  
  151  15:39  Marine x6  
  157  15:46  Missile Turret  
  157  15:47  Missile Turret  
  156  15:53  Raven x2  
  156  15:54  Corvid Reactor  
  155  16:04  Viking x2  
  155  16:05  Armory  
  159  16:23  Missile Turret  
  159  16:30  Command Center  
  159  16:33  Marine x2, Siege Tank x2  
  159  16:36  Raven x2  
  171  16:40  Armory  
  171  16:43  Viking, Orbital Command  
  162  16:59  Marine x2, Viking  
  162  17:00  Marine x2  
  162  17:12  Marine x2  
  155  17:16  SCV x3  
  155  17:19  Marine x3, Raven x2  
  155  17:21  Siege Tank x2  
  171  17:24  Marine x3  
  171  17:25  SCV  
  171  17:28  SCV x2  
  176  17:33  Marine x3, Viking x2  
  176  17:34  Marine  
  184  17:37  Marine  
  184  17:44  Marine x5  
  185  17:53  Siege Tank  
  185  17:54  Marine x2  
  190  18:01  Marine x2  
  190  18:02  Siege Tank  
  191  18:11  Raven  
  191  18:12  Marine x2  
  186  18:25  Marine  
  187  18:31  Marine x2  

Tags
 
Add a new tag
Caveats
  • Supply blocks, unpowered buildings, or Contaminate may cause inaccurate times.
  • Supply counts are checked every 10 seconds.